Map: Emerald City LE

Players

Vito

  • Race: Protoss Protoss
  • League: Gold
  • Spawn Location: 11:00

Pablitoide

  • Race: Protoss Protoss
  • League: Gold
  • Spawn Location: 11:00

Massa - Winner!

  • Race: Terran Terran
  • League: Gold
  • Spawn Location: 5:00

qqq - Winner!

  • Race: Zerg Zerg
  • League: Platinum
  • Spawn Location: 5:00

VOD

Have the link to the VOD?

Description

Time

  • Played on: June 2, 2020, 11:28 a.m.
  • Length: 6:16
Show
View Real Time Build Order
Export as new Build Order

Vito Protoss 

Build Orders:  

Get SALT Encoding   

  12  0:05  Probe (Chrono Boost)  
  14  0:15  Probe (Chrono Boost)  
  14  0:24  Probe  
  15  0:36  Pylon  
  15  0:54  Probe  
  15  0:56  Forge  
  16  1:06  Probe  
  17  1:12  Gateway  
  17  1:20  Assimilator  
  17  1:23  Assimilator  
  17  1:24  Probe  
  18  1:26  Pylon  
  18  1:36  Probe  
  19  1:45  Nexus  
  19  2:03  Cybernetics Core  
  19  2:08  Photon Cannon  
  19  2:17  Probe (Chrono Boost)  
  20  2:26  Probe (Chrono Boost)  
  21  2:31  Probe (Chrono Boost)  
  22  3:14  Pylon  
  22  3:26  Stargate  
  22  3:40  Photon Cannon  
  22  4:41  Void Ray (Chrono Boost)  
Show
View Real Time Build Order
Export as new Build Order

Pablitoide Protoss 

Build Orders: 1 Gate Expand 

Get SALT Encoding   

  12  0:01  Probe  
  13  0:13  Probe  
  14  0:20  Pylon  
  14  0:27  Probe  
  15  0:42  Gateway  
  15  0:53  Probe (Chrono Boost)  
  16  1:00  Assimilator  
  16  1:05  Probe (Chrono Boost)  
  17  1:15  Probe (Chrono Boost)  
  18  1:24  Nexus  
  18  1:27  Probe (Chrono Boost)  
  19  1:33  Zealot  
  21  1:40  Probe (Chrono Boost)  
  22  1:47  Pylon  
  22  1:49  Probe  
  23  1:55  Assimilator  
  23  2:05  Probe  
  23  2:06  Pylon  
  24  2:22  Cybernetics Core  
  24  2:27  Probe  
  25  2:40  Probe  
  25  2:44  Zealot  
  28  2:52  Probe  
  30  3:06  Probe (Chrono Boost)  
  30  3:10  Probe (Chrono Boost)  
  30  3:11  Stalker (Chrono Boost)  
  32  3:19  Probe (Chrono Boost)  
  34  3:20  Probe (Chrono Boost)  
  34  3:24  Probe (Chrono Boost)  
  35  3:28  Probe  
  28  3:36  Probe  
  28  3:38  Stalker (Chrono Boost)  
  28  3:40  Probe  
  30  3:48  Probe  
  31  3:52  Probe  
  30  4:01  Stalker  
  29  4:13  Pylon  
  28  4:19  Forge  
  28  4:23  Gateway  
  26  4:31  Pylon, Stalker  
  27  4:44  Stargate  
  23  5:01  Stalker  
  23  5:03  Probe  
  26  5:11  Stalker  
  27  5:15  Probe  
  23  5:27  Probe  
  9  5:39  Probe  
Show
View Real Time Build Order
Export as new Build Order

Massa Terran - Winner!

Build Orders:  

Get SALT Encoding   

  12  0:11  Supply Depot  
  12  0:16  SCV  
  13  0:28  SCV  
  14  0:56  Command Center  
  14  1:00  SCV  
  15  1:08  Refinery  
  15  1:12  SCV  
  16  1:22  Engineering Bay  
  16  1:26  SCV  
  17  1:38  SCV  
  18  1:48  Refinery  
  18  1:50  SCV  
  19  2:02  SCV  
  20  2:15  SCV  
  21  2:19  Barracks  
  21  2:33  SCV  
  22  2:45  SCV  
  23  2:56  Planetary Fortress  
  23  3:00  Barracks  
  23  3:13  Marine  
  23  3:15  Factory  
  24  3:25  Hi-Sec Auto Tracking  
  24  3:31  Marine  
  25  3:37  SCV  
  26  3:49  Marine  
  26  3:52  Marine  
  28  3:57  Barracks  
  28  4:10  Marine  
  28  4:14  Factory Tech Lab  
  28  4:28  Marine  
  29  4:46  Marine  
  29  4:47  Siege Tank  
  29  4:48  Marine  
  34  4:59  Command Center  
  34  5:02  Marine  
  34  5:04  Marine  
  34  5:05  Supply Depot  
  34  5:06  Marine  
  37  5:17  Supply Depot  
  37  5:19  SCV  
  38  5:27  Marine x3, Siege Tank  
  44  5:31  SCV  
  43  5:44  SCV  
  43  5:45  Marine x2  
  46  6:08  Missile Turret  
Show
View Real Time Build Order
Export as new Build Order

qqq Zerg - Winner!

Build Orders: Pool First 

Get SALT Encoding   

  12  0:02  Drone  
  13  0:09  Drone  
  14  0:38  Overlord  
  14  0:39  Extractor, Spawning Pool  
  14  0:40  Drone  
  13  0:44  Drone  
  14  0:56  Drone  
  15  1:05  Drone  
  16  1:13  Drone  
  17  1:28  Zergling x2  
  18  1:33  Zergling x2  
  18  1:35  Hatchery  
  18  1:42  Metabolic Boost  
  18  1:50  Overlord  
  18  1:57  Zergling x2  
  19  2:05  Zergling x2  
  20  2:12  Queen  
  22  2:15  Zergling x2  
  23  2:28  Zergling x2  
  24  2:41  Zergling x2  
  24  2:48  Zergling x2  
  25  2:58  Zergling x2  
  25  3:03  Drone x2  
  28  3:25  Zergling x4  
  28  3:26  Drone, Zergling x2  
  30  3:31  Roach Warren  
  30  3:32  Queen  
  30  3:33  Drone  
  33  3:34  Zergling x6  
  33  3:40  Overlord  
  35  3:58  Zergling x2  
  36  4:07  Zergling x4  
  40  4:24  Roach  
  40  4:25  Drone x3  
  43  4:33  Overlord  
  43  4:41  Overlord  
  39  5:03  Roach x3  
  39  5:04  Drone x2  
  39  5:05  Roach x2  
  44  5:24  Roach x3  
  44  5:25  Roach x3  
  55  5:48  Roach x2  
  55  5:49  Roach x2  
  59  6:03  Spore Crawler  
  58  6:06  Spore Crawler  
Tags
 
Add a new tag
Caveats
  • Supply blocks, unpowered buildings, or Contaminate may cause inaccurate times.
  • Supply counts are checked every 10 seconds.